 Dungeon Crawl Stone Soup version 0.29.1-15-g9cfb28693d (webtiles) character file.

Game seed: 12973993478829866796

16319 DemonSlayer the Thaumaturge (level 12, -5/81 HPs)
             Began as a Demonspawn Earth Elementalist on Feb 26, 2023.
             Was an Initiate of Gozag.
             Slain by a quicksilver ooze (12 damage)
             ... in a Gauntlet on Feb 27, 2023.
             The game lasted 00:42:19 (18641 turns).

DemonSlayer the Thaumaturge (DsEE)                 Turns: 18641, Time: 00:42:20

Health: -5/81      AC:  8    Str: 13    XL:     12   Next: 9%
Magic:  0/34       EV: 13    Int: 18    God:    Gozag
Gold:   1701       SH:  4    Dex: 13    Spells: 11/35 levels left

rFire   + . .      SeeInvis +   m - +4 short sword (venom)
rCold   + . .      Faith    .   (no shield)
rNeg    . . .      Spirit   +   a - +1 robe
rPois   .          Reflect  .   (helmet unavailable)
rElec   .          Harm     .   d - scarf {rC+ rF+}
rCorr   .          Rampage  .   e - +0 pair of gloves
Will    .....      Clarity  +   (no boots)
Stlth   +++....... NoTele   +   l - amulet of guardian spirit
HPRegen 0.23/turn               j - ring of magical power
MPRegen 0.24/turn               g - +4 ring of slaying

@: engulfed (cannot breathe)
A: antennae 3, icemail 1, powered by pain 3, condensation shield, hooves 1,
clarity, low MP 1
a: Renounce Religion, Potion Petition, Call Merchant, Bribe Branch


You were in a Gauntlet.
You worshipped Gozag.
Gozag was most pleased with you.
You visited 2 branches of the dungeon, and saw 12 of its levels.
You also visited: Sewer and Gauntlet.

You collected 2110 gold pieces.
You spent 318 gold pieces at shops.
You paid 91 gold pieces to Gozag.

Inventory:

Hand Weapons
 m - a +4 short sword of venom (weapon)
Missiles
 n - a curare-tipped dart
Armour
 a - a +1 robe (worn)
 b - the +1 cloak of Resilience {rF- Int+2 Dex+5}
   (You found it in a Gauntlet)

   Int:       It affects your intelligence (+2).
   Dex:       It affects your dexterity (+5).
   rF:        It makes you vulnerable to fire.
 d - a scarf of resistance (worn)
 e - a +0 pair of gloves (worn)
Jewellery
 c - a ring of magical power
 f - a ring of magical power
 g - a +4 ring of slaying (right hand)
 j - a ring of magical power (left hand)
 l - an amulet of guardian spirit (around neck)
 q - a ring of positive energy
 z - a ring of protection from cold
Wands
 o - a wand of roots (6)
 p - a wand of flame (27)
 w - a wand of light (5) (quivered)
 B - a wand of paralysis (5)
Scrolls
 i - 5 scrolls of teleportation
 k - a scroll of amnesia
 v - 3 scrolls of identify
 y - 3 scrolls of immolation
Potions
 s - a potion of flight
Miscellaneous
 A - a phial of floods


   Skills:
 + Level 3.3 Fighting
 + Level 1.1 Short Blades
 + Level 0.5 Throwing
 + Level 4.6 Dodging
 + Level 4.6 Stealth
 + Level 2.8 Shields
 + Level 12.1 Spellcasting
 + Level 4.6 Conjurations
 + Level 0.8 Transmutations
 + Level 11.1 Earth Magic
 + Level 0.2 Evocations


You had 11 spell levels left.
You knew the following spells:

 Your Spells              Type           Power      Damage    Failure   Level
a - Sandblast             Erth           100%       2d20      1%          1
b - Passwall              Tmut/Erth      26%        N/A       1%          2
c - Stone Arrow           Conj/Erth      78%        3d11      1%          3
d - Petrify               Tmut/Erth      32%        N/A       5%          4
e - Dazzling Flash        Conj/Hex       38%        N/A       8%          3
f - Olgreb's Toxic Radia  Pois           10%        N/A       54%         4
g - Iskenderun's Mystic   Conj/Tloc      19%        2d6       24%         4
h - Call Canine Familiar  Summ           10%        N/A       19%         3

Your spell library contained the following spells:

 Spells                   Type           Power      Damage    Failure   Level
 Sting                    Tmut/Pois      48%        1d5       5%          1
 Leda's Liquefaction      Hex/Erth       15%        N/A       6%          4
 Poisonous Vapours        Pois/Air       20%        N/A       10%         2
 Gell's Gravitas          Tloc           10%        N/A       19%         3
 Portal Projectile        Hex/Tloc       20%        N/A       19%         3
 Teleport Other           Tloc           10%        N/A       19%         3
 Agony                    Necr           10%        N/A       87%         5
 Silence                  Hex/Air        5%         N/A       87%         5
 Starburst                Conj/Fire      9%         6d5       98%         6
 Dispersal                Tloc           5%         N/A       100%        6


Dungeon Overview and Level Annotations

Branches:
Dungeon (11/15)            Temple (1/1) D:5            Lair (0/5) D:9
  Sewer (visited)         Gauntlet (1/1)
    Orc: D:9-12

Altars:
Ashenzari
Cheibriados
Dithmenos
Fedhas
Gozag
Hepliaklqana
Kikubaaqudgha
Makhleb
Nemelex Xobeh
Okawaru
Qazlal
Ru
Sif Muna
Trog
Uskayaw
Vehumet
Wu Jian
Xom
Yredelemnul

Shops:
D:3 *   D:9 =

Annotations:
D:3 Natasha, Sigmund
D:6 1 runed translucent door, Crazy Yiuf
D:7 3 runed translucent doors, croobank's ghost, novice OpDe Gauntlet 9 transporters, 1 runed translucent door


Innate Abilities, Weirdness & Mutations

You have a pair of large antennae on your head. (SInv)
A meltable icy envelope protects you from harm. (AC +4)
You are powered by pain.
A meltable shield of frost defends you. (SH +4)
You have large cloven feet.
You possess an exceptional clarity of mind.
Your magical capacity is low. (-10% MP)


Message History

You feel your power leaking away.
You throw a throwing net.
The throwing net hits the quicksilver ooze.
The quicksilver ooze is too large for the net to hold!
Your lungs strain for air!
The quicksilver ooze hits you! The quicksilver ooze barely misses you.
The quicksilver ooze closely misses you.
The quicksilver ooze hits you.
You feel your power leaking away.
The bolt of light misses the quicksilver ooze.
Your lungs strain for air!
The quicksilver ooze hits you!!
You focus on the pain.
You feel your power returning. The quicksilver ooze hits you.
You feel your power leaking away.
You are too injured to fight recklessly!
You cannot cast spells while unable to breathe!
Your lungs strain for air!
The quicksilver ooze hits you.
The quicksilver ooze hits you but does no damage.
You block the quicksilver ooze's attack.
The quicksilver ooze barely misses you.
Okay, then.
You closely miss the quicksilver ooze. You kick the quicksilver ooze.
The quicksilver ooze is lightly wounded.
Your lungs strain for air!
You block the quicksilver ooze's attack.
The quicksilver ooze closely misses you.
The quicksilver ooze hits you.
The quicksilver ooze closely misses you.
You barely miss the quicksilver ooze.
You kick the quicksilver ooze, but do no damage.
The quicksilver ooze is lightly wounded.
* * * LOW HITPOINT WARNING * * *
Your lungs strain for air!
The quicksilver ooze hits you!!
* * * LOW HITPOINT WARNING * * *
The quicksilver ooze closely misses you.
The quicksilver ooze hits you!
You die...
Your body crumbles into a pile of gold.

#≈...###########...........
##...............8.....8...
.# ##.8.....8................
..##≈...............#########
...##...#########...#.....#..
....#...##..##.##...#.^##..#.
.©8.#...#?##..#.#####..#..##.
....#...#)#.#.#.#...#).##..#.
.©8.#.8.#©#.@#.##©.©#©.#^©##.
....#...#[.#J##.#...#..##..#.
.©8.#...#..##..######..#..##.
....#...###..##.#...#.^##..#.
...##§..#########...#.....#..
..##≈...............#########
.# ##.8.....8................
##§..............8.....8...
#≈...###########...........


You could see a quicksilver ooze.

Vanquished Creatures
  An ogre mage (D:10)
  5 two-headed ogres
  A tengu warrior (D:9)
  A fire crab (Gauntlet)
  A cyclops (D:10)
  An ice statue (D:10)
  2 unseen horrors
  2 trolls (D:10)
  A hornet (D:10)
  A shadow (D:10)
  3 wraiths (D:10)
  12 yaks
  2 basilisks (D:9)
  3 wyverns
  3 vampire mosquitoes (D:10)
  4 fire bats (Gauntlet)
  Grum (D:9)
  A hell hound (Gauntlet)
  An acid dragon (D:8)
  Duvessa (D:6)
  6 water moccasins
  5 orc warriors
  An ice beast (D:8)
  3 black bears
  3 sky beasts
  2 wolves (D:9)
  2 ogres
  6 centaurs
  5 kobold brigands
  2 phantoms
  4 bullfrogs
  A necrophage (D:6)
  3 scorpions
  2 gnoll sergeants (D:10)
  Dowan (D:6)
  9 killer bees
  4 howler monkeys
  A crimson imp (D:7)
  5 gnoll boudas
  2 hounds (D:5)
  2 jellies
  5 orc priests
  3 iguanas
  11 orc wizards
  24 gnolls
  12 adders
  2 river rats
  2 white imps
  An ufetubus (D:6)
  4 worms
  4 dart slugs
  34 orcs
  7 ball pythons
  6 endoplasms
  4 giant cockroaches
  4 goblins
  6 hobgoblins
  2 jackals (D:2)
  12 kobolds
  4 quokkas
  5 bats
  3 frilled lizards
  8 rats
279 creatures vanquished.

Vanquished Creatures (others)
  4 bushes (D:9)
  3 fungi (D:9)
  26 plants
  4 withered plants (D:10)
37 creatures vanquished.

Grand Total: 316 creatures vanquished

Notes
Turn   | Place    | Note
-------+----------+-------------------------------------------
     0 | D:1      | DemonSlayer the Demonspawn Earth Elementalist began the
                  | quest for the Orb.
     0 | D:1      | Reached XP level 1. HP: 13/13 MP: 3/3
     1 | D:1      | Found a faded altar of an unknown god.
   135 | D:1      | Gained mutation: You sometimes gain a little power by
                  | taking damage. [demonic ancestry]
   135 | D:1      | Reached XP level 2. HP: 16/19 MP: 0/5
   872 | D:1      | Learned a level 2 spell: Passwall
  1111 | D:2      | Gained mutation: You sometimes gain power by taking damage.
                  | [demonic ancestry]
  1111 | D:2      | Reached XP level 3. HP: 21/24 MP: 2/7
  1837 | D:2      | Learned a level 3 spell: Stone Arrow
  1868 | D:3      | Found Geisituf's Assorted Antiques.
  1928 | D:3      | Reached skill level 3 in Spellcasting
  1949 | D:3      | Noticed Sigmund
  2073 | D:3      | Gained mutation: You have a pair of small antennae on your
                  | head. [demonic ancestry]
  2073 | D:3      | Reached XP level 4. HP: 26/30 MP: 8/8
  2074 | D:3      | Found a glowing drain.
  2098 | Sewer    | Entered a sewer
  3219 | Sewer    | Noticed a kobold brigand
  3219 | Sewer    | Noticed a kobold brigand
  3231 | Sewer    | Killed a kobold brigand
  3232 | Sewer    | Reached XP level 5. HP: 31/36 MP: 10/10
  3236 | Sewer    | Reached skill level 4 in Spellcasting
  3370 | Sewer    | Gained mutation: A meltable shield of frost defends you.
                  | (SH +4) [demonic ancestry]
  3370 | Sewer    | Reached XP level 6. HP: 42/42 MP: 12/12
  4251 | D:3      | Bought a scroll labelled UGEUTIASICH for 29 gold pieces
  4251 | D:3      | Bought a scroll labelled TIEJU IBUKOV for 29 gold pieces
  4294 | D:3      | Noticed Natasha
  4659 | D:4      | Reached skill level 5 in Spellcasting
  4714 | D:4      | Gained mutation: A meltable icy envelope protects you from
                  | harm. (AC +4) [demonic ancestry]
  4714 | D:4      | Reached XP level 7. HP: 47/47 MP: 14/14
  4747 | D:4      | Reached skill level 5 in Earth Magic
  5606 | D:4      | Learned a level 4 spell: Petrify
  5647 | D:5      | Entered Level 5 of the Dungeon
  6022 | D:5      | Found a staircase to the Ecumenical Temple.
  6047 | Temple   | Entered the Ecumenical Temple
  6244 | Temple   | Became a worshipper of Gozag Ym Sagoz the Greedy
  6317 | D:5      | Identified the +2 chain mail of Rosanwom {+Blink Will+
                  | Str+5 Stlth+}
  6379 | D:5      | Reached skill level 6 in Spellcasting
  6379 | D:5      | Reached XP level 8. HP: 49/53 MP: 17/17
  6907 | D:5      | Found a faded altar of an unknown god.
  6907 | D:5      | Found an iron altar of Okawaru.
  6914 | D:5      | Found a basalt altar of Yredelemnul.
  6916 | D:5      | Found a snail-covered altar of Cheibriados.
  7650 | D:6      | Noticed Duvessa
  7652 | D:6      | Noticed Dowan
  7665 | D:6      | HP: 2/53 [Duvessa/+0 short sword of electrocution (13)]
  7672 | D:6      | Killed Duvessa
  7673 | D:6      | Reached skill level 7 in Spellcasting
  7675 | D:6      | Gained mutation: Your magical capacity is low. (-10% MP)
                  | [potion of mutation]
  7675 | D:6      | Gained mutation: You have hidden genetic potential. [potion
                  | of mutation]
  7681 | D:6      | Killed Dowan
  8317 | D:6      | Found a runed translucent door.
  8318 | D:6      | Noticed Crazy Yiuf
  8566 | D:7      | Gained mutation: You are powered by pain. [demonic
                  | ancestry]
  8566 | D:7      | Reached XP level 9. HP: 58/58 MP: 18/18
  8771 | D:7      | Reached skill level 1 in Fighting
  8946 | D:7      | Reached skill level 8 in Spellcasting
  9007 | D:7      | Noticed croobank's ghost (novice OpDe)
  9094 | D:7      | Found a runed translucent gate.
  9094 | D:7      | Found a runed translucent gate.
  9134 | D:7      | Found a runed translucent gate.
  9819 | D:7      | Found a burning altar of Makhleb.
  9819 | D:7      | Found a radiant altar of Vehumet.
  9832 | D:7      | Gained mutation: You have large cloven feet. [hidden
                  | potential]
  9910 | D:8      | Noticed a two-headed ogre
  9918 | D:8      | Killed a two-headed ogre
  9919 | D:8      | Reached skill level 1 in Shields
 10026 | D:8      | Reached skill level 9 in Spellcasting
 10359 | D:9      | Found Erph's Jewellery Shop.
 10369 | D:9      | Bought a ring of magical power for 260 gold pieces
 10425 | D:9      | Gained mutation: You have a pair of antennae on your head.
                  | [demonic ancestry]
 10425 | D:9      | Reached XP level 10. HP: 66/66 MP: 20/20
 10548 | D:9      | Identified the +10 short sword of a wizard's laboratory
                  | {freeze, rPois}
 10664 | D:9      | Noticed Grum
 10977 | D:8      | Noticed a two-headed ogre
 10986 | D:8      | Killed a two-headed ogre
 11010 | D:8      | Gained mutation: You possess an exceptional clarity of
                  | mind. [hidden potential]
 11010 | D:8      | Lost mutation: You have hidden genetic potential. [hidden
                  | potential expressed]
 11344 | D:8      | Found a stormy altar of Qazlal.
 11924 | D:9      | Killed Grum
 12402 | D:9      | Noticed a tengu warrior
 12418 | D:9      | Reached skill level 10 in Spellcasting
 12464 | D:9      | Found a staircase to the Lair.
 12719 | D:9      | Found a sparkling altar of Nemelex Xobeh.
 12720 | D:9      | Noticed a two-headed ogre
 12723 | D:9      | Killed a two-headed ogre
 12724 | D:9      | Reached skill level 10 in Earth Magic
 13398 | D:9      | Reached XP level 11. HP: 27/74 MP: 23/23
 14166 | D:9      | Killed a tengu warrior
 14521 | D:9      | Learned a level 3 spell: Dazzling Flash
 14526 | D:9      | Learned a level 4 spell: Olgreb's Toxic Radiance
 14594 | D:10     | Entered Level 10 of the Dungeon
 14928 | D:10     | Reached skill level 11 in Spellcasting
 15040 | D:10     | Reached skill level 1 in Conjurations
 15284 | D:10     | Found a blossoming altar of Fedhas.
 15285 | D:10     | Found an ancient bone altar of Kikubaaqudgha.
 15569 | D:10     | Noticed a two-headed ogre
 15577 | D:10     | Killed a two-headed ogre
 15593 | D:10     | Noticed a two-headed ogre
 15774 | D:10     | Noticed an ogre mage
 15783 | D:10     | Killed an ogre mage
 15843 | D:10     | Killed a two-headed ogre
 17551 | D:10     | Learned a level 4 spell: Iskenderun's Mystic Blast
 17555 | D:10     | Learned a level 3 spell: Call Canine Familiar
 17662 | D:11     | Reached skill level 12 in Spellcasting
 17673 | D:11     | Reached skill level 1 in Short Blades
 17683 | D:11     | Found a gate leading to a gauntlet.
 17689 | Gauntlet | Entered a Gauntlet
 17689 | Gauntlet | Found a transporter.
 17705 | Gauntlet | Noticed a fire crab
 17759 | Gauntlet | Found a transporter.
 17775 | Gauntlet | Found a transporter.
 17779 | Gauntlet | Found a transporter.
 17791 | Gauntlet | Found a transporter.
 17807 | Gauntlet | Noticed a quicksilver ooze
 17809 | Gauntlet | Found a transporter.
 17812 | Gauntlet | Found a transporter.
 17816 | Gauntlet | Found a transporter.
 17846 | Gauntlet | Found a transporter.
 17846 | Gauntlet | Found a transporter.
 17850 | Gauntlet | Noticed a wretched star
 17854 | Gauntlet | Found a transporter.
 17870 | Gauntlet | Found a runed translucent door.
 17878 | Gauntlet | Noticed a quicksilver ooze
 17895 | Gauntlet | Found a transporter.
 17970 | Gauntlet | Killed a fire crab
 17971 | Gauntlet | Gained mutation: You have a pair of large antennae on your
                  | head. (SInv) [demonic ancestry]
 17971 | Gauntlet | Reached XP level 12. HP: 34/81 MP: 3/25
 17995 | Gauntlet | HP: 4/81 [fire bat (3)]
 18577 | Gauntlet | Identified the +1 cloak of Resilience {rF- Int+2 Dex+5}
 18641 | Gauntlet | Slain by a quicksilver ooze

Illustrated notes

Levels and vault maps discovered:
D:1:      minmay_arrival_stone_box, layout_basic,
          chequers_ecumenical_altar_island
D:2:      minmay_alternating_diamond, layout_loops_ring
D:3:      layout_rooms, serial_shops, shop, portal_sewer_entry_a, uniq_natasha,
          uniq_grinder, uniq_sigmund
D:4:      layout_basic
D:5:      layout_loops_ring, chequers_temple_overflow_minitemple,
          minmay_temple_entry_drinking_statues, chequers_hall_statues_y
D:6:      layout_cave_pools, uniq_duvessa, uniq_crazy_yiuf_cottage
D:7:      layout_loops_corners, grunt_temple_overflow_lords_of_destruction,
          gammafunk_ghost_split, kennysheep_generic_room_11
D:8:      layout_cave_pools, mainiacjoe_overflow_24_doors
D:9:      layout_roguey, mainiacjoe_overflow_alcove_1, minmay_lair_entry_grove,
          serial_shops, shop, lightli_fourway_metalbox, uniq_grum
D:10:     layout_gridville, grunt_temple_overflow_growth_and_decay,
          nzn_random_ring
D:11:     layout_basic, nicolae_trove_entry_path_of_doom,
          gauntlet_entry_generic, minivault_4
Temple:   hellmonk_temple_forest_ring
Gauntlet: minmay_gauntlet_mixed_oops_all_seconds
          [minmay_gauntlet_arena_77_hold_the_fort,
          gammafunk_gauntlet_arena_teeth, minmay_gauntlet_arena_77_path,
          nicolae_gauntlet_arena_blocks, minmay_gauntlet_arena_77_mess,
          nicolae_gauntlet_arena_x, dreamdust_gauntlet_exit_labyrinth]

Skill      XL: |  1  2  3  4  5  6  7  8  9 10 11 |
---------------+----------------------------------+-----
Earth Magic    | 3 4 6 7 8 10 11 | 11.1
Stealth        | 2 3 4 |  4.6
Dodging        | 2 3 4 |  4.6
Spellcasting   | 3 4 5 6 7 9 10 12 | 12.1
Fighting       | 1 2 3 |  3.3
Shields        | 1 2 |  2.8
Conjurations   | 4 |  4.6
Short Blades   | 1 |  1.1
Throwing       | |  0.5
Transmutations | |  0.8
Evocations     | |  0.2

Action                   |  1- 3 |  4- 6 |  7- 9 | 10-12 || total
-------------------------+-------+-------+-------+-------++-------
Melee: Unarmed           |     4 |       |       |       ||     4
       Dagger            |     2 |     2 |    19 |     3 ||    26
       Kick              |       |       |       |    16 ||    16
       Short sword       |       |       |       |    33 ||    33
Throw: Dart              |       |       |       |     5 ||     5
       Throwing net      |       |       |       |     2 ||     2
 Cast: Sandblast         |    63 |    95 |   215 |   123 ||   496
       Stone Arrow       |       |       |       |   163 ||   163
Evoke: Wand              |       |       |       |     5 ||     5
  Use: Potion            |       |     6 |     9 |     7 ||    22
       Scroll            |       |     5 |     5 |    18 ||    28
 Stab: Invisible         |       |       |     1 |       ||     1
Armor: Robe              |     8 |    10 |    66 |    77 ||   161
Dodge: Dodged            |    21 |    31 |   142 |   201 ||   395
Block: Other             |       |     1 |    35 |    62 ||    98
